Map: Disco Bloodbath LE

Players

LiquidMaNa (MaNa) - Winner!

  • Race: Protoss Protoss
  • League: Grandmaster
  • Spawn Location: 9:00

BratOK (Brat_OK)

  • Race: Terran Terran
  • League: Master
  • Spawn Location: 3:00

Event: NationWars 2019

VOD

Have the link to the VOD?

Description

Time

  • Played on: Oct. 13, 2019, 1:54 p.m.
  • Length: 5:13
Show
View Real Time Build Order
Export as new Build Order

LiquidMaNa Protoss - Winner!

Build Orders: 1 Gate Expand, Oracle Opening 

Get SALT Encoding   

  12  0:00  Probe  
  13  0:12  Probe  
  14  0:17  Pylon  
  14  0:24  Probe (Chrono Boost)  
  15  0:37  Probe (Chrono Boost), Gateway  
  16  0:44  Probe (Chrono Boost)  
  16  0:46  Assimilator  
  17  0:51  Probe  
  18  1:03  Probe  
  19  1:15  Probe  
  20  1:24  Cybernetics Core  
  20  1:27  Probe  
  21  1:36  Nexus  
  21  1:44  Probe  
  22  1:48  Pylon  
  22  1:53  Assimilator  
  22  1:56  Probe  
  23  2:03  Adept (Chrono Boost)  
  25  2:08  Pylon  
  25  2:11  Probe  
  26  2:23  Probe  
  26  2:26  Stargate  
  26  2:27  Adept (Chrono Boost)  
  27  2:35  Probe  
  27  2:37  Warp Gate  
  30  2:47  Probe  
  30  2:49  Probe  
  30  2:50  Adept  
  34  2:59  Probe  
  34  3:01  Probe  
  36  3:11  Oracle (Chrono Boost), Probe  
  40  3:13  Probe  
  41  3:23  Probe  
  41  3:25  Pylon, Probe  
  41  3:30  Gateway  
  41  3:36  Robotics Facility  
  41  3:39  Probe x2  
  43  3:50  Shield Battery  
  43  3:53  Shield Battery  
  43  3:54  Shield Battery  
  41  3:58  Shield Battery  
  41  4:00  Stalker (Chrono Boost)  
  43  4:08  Shield Battery  
  43  4:09  Shield Battery  
  43  4:18  Pylon  
  43  4:25  Stalker  
  35  4:40  Stalker  
  37  4:50  Stalker  
  35  5:04  Stalker  
Show
View Real Time Build Order
Export as new Build Order

BratOK Terran 

Build Orders:  

Get SALT Encoding   

  12  0:00  SCV  
  13  0:13  SCV  
  14  0:17  Supply Depot  
  14  0:25  SCV  
  15  0:39  SCV  
  15  0:41  Barracks  
  16  0:46  Refinery  
  16  0:51  SCV  
  17  1:03  SCV  
  18  1:19  SCV  
  19  1:32  Marine  
  20  1:33  Orbital Command  
  20  1:45  Command Center  
  20  1:50  Barracks Reactor  
  20  1:54  Supply Depot  
  20  1:59  SCV  
  21  2:09  Barracks  
  21  2:10  Barracks  
  21  2:12  Barracks  
  21  2:19  Barracks  
  21  2:20  SCV  
  22  2:27  Marine x2  
  24  2:31  Supply Depot  
  24  2:34  SCV  
  25  2:45  Marine x2  
  27  3:04  Marine x2  
  27  3:05  Supply Depot  
  28  3:17  Marine x3  
  29  3:24  Marine x2  
  30  3:36  Marine x4  
  34  3:42  Marine  
  34  3:45  Marine  
  35  3:54  Marine x3  
  34  4:15  Marine  
  34  4:28  Marine  
  21  4:41  Marine  
Tags
 
Add a new tag
Caveats
  • Supply blocks, unpowered buildings, or Contaminate may cause inaccurate times.
  • Supply counts are checked every 10 seconds.